[Event "Titled Tuesday Blitz May 23 Early 2023"]
[White "Weishaeutel, Moritz"]
[Black "demon64fields"]
[WhiteFideId "12967300"]
[WhiteElo "2301"]
[BlackElo "2880"]
[Result "1/2-1/2"]
[Round "03"]
[TimeControl "180+2"]
[Date "2023.05.23"]
[WhiteClock "0:00:03"]
[BlackClock "0:00:11"]

1. e4 e6 2. d4 d5 3. exd5 exd5 4. Nf3 Nc6 5. Nc3 Bg4 6. h3 Bh5 7. Bb5 Ne7 8. O-O a6 9. Ba4 Qd6 10. Re1 O-O-O 11. g4 Bg6 12. Ne5 h5 13. g5 Nxe5 14. Bf4 Qb6 15. Bxe5 Nc6 16. Qf3 Nxe5 17. dxe5 d4 18. Ne4 Qa5 19. Bb3 Qxe5 20. Bxf7 Bxf7 21. Qxf7 Bd6 22. Nxd6+ Qxd6 23. Qe6+ Qxe6 24. Rxe6 d3 25. cxd3 Rxd3 26. Kg2 Rf8 27. Rae1 Rd2 28. Re8+ Rxe8 29. Rxe8+ Rd8 30. Rxd8+ Kxd8 31. Kf3 Ke7 32. Ke4 Ke6 33. f4 g6 34. b4 b6 35. h4 c5 36. bxc5 bxc5 37. a3 c4 38. Kd4 Kf5 39. Kxc4 Kxf4 40. Kd5 Kg4 41. Ke6 Kxh4 42. Kf6 Kg4 43. Kxg6 h4 44. Kf6 h3 45. g6 h2 46. g7 h1=Q 47. g8=Q+ Kf4 48. Qc4+ Qe4 49. Qxa6 Qe5+ 50. Kf7 Qd5+ 51. Qe6 Qb7+ 52. Kg6 Qb1+ 53. Kg7 Qg1+ 54. Qg6 Qc5 55. a4 Ke5 56. Qg5+ Kd6 57. Qd8+ Kc6 58. Qc8+ Kd5 59. Qxc5+ Kxc5 60. a5 Kb5 61. a6 Kxa6 1/2-1/2


[Site "https://www.chess.com"]

[Event "Titled Tuesday Blitz May 23 Early 2023"]
[White "koncheto"]
[Black "Babazada, Khazar"]
[BlackFideId "13413554"]
[WhiteElo "2632"]
[BlackElo "2351"]
[Result "0-1"]
[Round "03"]
[TimeControl "180+2"]
[Date "2023.05.23"]
[WhiteClock "0:00:00"]
[BlackClock "0:00:12"]

1. e4 c5 2. Nf3 e6 3. d4 cxd4 4. Nxd4 Nf6 5. Nc3 Nc6 6. a3 Qc7 7. Be2 a6 8. O-O h5 9. Nxc6 bxc6 10. h3 Bc5 11. Bg5 d6 12. Qd3 e5 13. Rad1 Be6 14. Be3 Bxe3 15. Qxe3 Nd7 16. Qg3 g6 17. f4 exf4 18. Qxf4 Ne5 19. Bd3 Qb6+ 20. Kh1 Qxb2 21. Ne2 O-O 22. Rb1 Qxa3 23. Nd4 Qc5 24. Nf3 Nxf3 25. Rxf3 a5 26. Rbf1 Qe5 27. Qh6 Qg7 28. Qf4 a4 29. Qxd6 a3 30. e5 a2 31. Ra1 Rfd8 32. Qc5 Bd5 33. Rf6 Qh6 34. e6 Bxe6 35. Bxg6 Qg7 36. Qg5 Rd5 37. Qf4 fxg6 38. Rf1 Rf5 0-1


[Site "https://www.chess.com"]

[Event "Titled Tuesday Blitz May 23 Early 2023"]
[White "Stribuk, Artiom"]
[Black "Isajevsky, Anton"]
[WhiteFideId "13515659"]
[BlackFideId "4142500"]
[WhiteElo "2303"]
[BlackElo "2510"]
[Result "1-0"]
[Round "03"]
[TimeControl "180+2"]
[Date "2023.05.23"]
[WhiteClock "0:00:08"]
[BlackClock "0:00:00"]

1. d4 d5 2. c4 e6 3. Nf3 Nf6 4. g3 Bb4+ 5. Nbd2 O-O 6. Bg2 a5 7. O-O a4 8. Nb1 Nc6 9. a3 Be7 10. Nc3 dxc4 11. Nxa4 Na5 12. Nc3 Nb3 13. Rb1 c5 14. dxc5 Qa5 15. Nd2 Nxd2 16. Bxd2 Qxc5 17. Be3 Qh5 18. Qd4 e5 19. Qxc4 Ng4 20. h4 Nxe3 21. fxe3 Be6 22. Qe4 Rab8 23. Rbd1 Bc5 24. b4 Bb6 25. Na4 Ba7 26. Bf3 Qh6 27. Nc5 Bxc5 28. bxc5 f6 29. Rd6 Bf7 30. Rfd1 Rfc8 31. Rc1 Bg6 32. Qd5+ Bf7 33. Qd3 Bg6 34. Qb3+ Bf7 35. Qc3 Qg6 36. Kf2 Qf5 37. Qd3 1-0


[Site "https://www.chess.com"]

[Event "Titled Tuesday Blitz May 23 Early 2023"]
[White "Bacrot, Etienne"]
[Black "Tasev, Dejan"]
[WhiteFideId "605506"]
[BlackFideId "936618"]
[WhiteElo "2672"]
[BlackElo "2244"]
[Result "1-0"]
[Round "03"]
[TimeControl "180+2"]
[Date "2023.05.23"]
[WhiteClock "0:00:07"]
[BlackClock "0:00:10"]

1. e4 e5 2. Nf3 Nc6 3. Bb5 a6 4. Ba4 Nf6 5. O-O b5 6. Bb3 Be7 7. Re1 O-O 8. c3 d5 9. exd5 Nxd5 10. Nxe5 Nxe5 11. Rxe5 Nf6 12. d4 Bb7 13. Bg5 h6 14. Bh4 c5 15. Nd2 cxd4 16. cxd4 Bd6 17. Rf5 Be7 18. Re5 Bd6 19. Rf5 Be7 20. Nf3 Rc8 21. Ne5 Bd5 22. Bxf6 Bxf6 23. h3 Re8 24. Qg4 Bxb3 25. axb3 Bxe5 26. Rxe5 Rxe5 27. dxe5 Rc2 28. e6 fxe6 29. Qxe6+ Kh8 30. Qxa6 Rxb2 31. Qxb5 Qf6 32. Ra8+ Kh7 33. Qd3+ g6 34. Qd7+ Qg7 35. Qxg7+ Kxg7 36. Rb8 Kf6 37. g3 g5 38. Kg2 h5 39. b4 Kf5 40. b5 g4 41. hxg4+ hxg4 42. Kf1 Rb4 43. b6 Kg6 44. Ke2 Kg7 45. Ke3 Kh7 46. Kd3 Kg7 47. Kc3 Rb1 48. Kc4 Rc1+ 49. Kb5 Rf1 50. Rc8 Rxf2 51. Rc4 Rf5+ 52. Kc6 Rf6+ 53. Kc7 Rf7+ 54. Kb8 Rf1 55. Rxg4+ Kf6 56. Rf4+ 1-0


[Site "https://www.chess.com"]

[Event "Titled Tuesday Blitz May 23 Early 2023"]
[White "Beerdsen, Thomas"]
[Black "Manukyan, Sargis A."]
[WhiteFideId "1030108"]
[BlackFideId "13303970"]
[WhiteElo "2549"]
[BlackElo "2187"]
[Result "1-0"]
[Round "03"]
[TimeControl "180+2"]
[Date "2023.05.23"]
[WhiteClock "0:01:42"]
[BlackClock "0:00:11"]

1. e4 c5 2. Nf3 d6 3. d4 cxd4 4. Nxd4 Nf6 5. Nc3 g6 6. h3 Bg7 7. Nf3 O-O 8. Bc4 Nc6 9. O-O Na5 10. Bb3 Nxb3 11. axb3 Be6 12. Bg5 h6 13. Bh4 g5 14. Bg3 d5 15. Nd4 Bc8 16. Ndb5 dxe4 17. Nc7 Rb8 18. Rxa7 Qxd1 19. Rxd1 Nh5 20. Bh2 Nf4 21. Nxe4 Bf5 22. Re1 Bxb2 23. Bxf4 gxf4 24. Nd5 e5 25. Ne7+ Kg7 26. Nxf5+ Kg6 27. g4 fxg3 28. Nexg3 h5 29. Ra2 Bc3 30. Re3 Bd2 31. Rd3 Bf4 32. Rd6+ f6 33. Ne7+ Kf7 34. Nd5 Bxg3 35. fxg3 Rfd8 36. Rxd8 Rxd8 37. c4 b5 38. Ra7+ Kg6 39. Ra6 bxc4 40. bxc4 Rf8 41. Kf2 h4 42. gxh4 e4 43. Rxf6+ Kh5 44. Rxf8 e3+ 45. Kxe3 Kg6 46. Kf4 Kh5 47. Rf5+ Kg6 48. c5 Kh6 49. c6 Kg6 50. c7 Kh6 51. c8=Q Kg6 52. Qg8+ Kh6 53. Qg5+ Kh7 54. Nf6+ Kh8 55. Qh6# 1-0


[Site "https://www.chess.com"]

[Event "Titled Tuesday Blitz May 23 Early 2023"]
[White "Gareyev, Timur"]
[Black "Han, Yichen"]
[WhiteFideId "14200937"]
[BlackFideId "1054430"]
[WhiteElo "2563"]
[BlackElo "2342"]
[Result "1-0"]
[Round "03"]
[TimeControl "180+2"]
[Date "2023.05.23"]
[WhiteClock "0:00:06"]
[BlackClock "0:00:00"]

1. c4 e6 2. Nf3 d5 3. e3 Nf6 4. Nc3 Be7 5. b3 c5 6. cxd5 Nxd5 7. Bb2 Bf6 8. Qc2 Nc6 9. Bb5 Bd7 10. Nxd5 exd5 11. Bxf6 Qxf6 12. O-O b6 13. d4 O-O 14. dxc5 Rac8 15. Bxc6 Rxc6 16. b4 bxc5 17. bxc5 Rfc8 18. Nd4 Rxc5 19. Qd2 h5 20. Rfc1 h4 21. Rxc5 Rxc5 22. h3 Qg6 23. Kf1 Qa6+ 24. Kg1 Qg6 25. Kh1 Rc4 26. Re1 Bf5 27. Rc1 Be4 28. f3 Bd3 29. Rd1 Bc2 30. Re1 Bd3 31. Qa5 Qg3 32. Rd1 Bc2 33. Rg1 Qd6 34. Qxa7 Bg6 35. Qa8+ Kh7 36. Qa5 Rb4 37. Qa3 Qb6 38. Qc3 Rb2 39. a4 Ra2 40. Qe1 Qd8 41. a5 Qxa5 42. Qxh4+ Kg8 43. Qf4 Qd8 44. h4 Ra6 45. Kh2 Rf6 46. Qg3 Bh7 47. Qf2 Rg6 48. Rc1 Rh6 49. g3 Bg6 50. Kg2 Kh7 51. Ne2 Bf5 52. Nf4 Qd6 53. Rh1 Qf6 54. g4 Qd6 55. gxf5 g6 56. fxg6+ fxg6 57. Qg3 d4 58. exd4 Qxd4 59. Re1 Qb2+ 60. Re2 Qf6 61. Qg5 1-0


[Site "https://www.chess.com"]

[Event "Titled Tuesday Blitz May 23 Early 2023"]
[White "Remizov, Yaroslav"]
[Black "Omelja, Artem"]
[WhiteFideId "34134015"]
[BlackFideId "14119846"]
[WhiteElo "2400"]
[BlackElo "2404"]
[Result "1-0"]
[Round "03"]
[TimeControl "180+2"]
[Date "2023.05.23"]
[WhiteClock "0:01:24"]
[BlackClock "0:01:28"]

1. Nc3 d5 2. e4 Nf6 3. e5 d4 4. exf6 dxc3 5. fxg7 cxd2+ 6. Qxd2 Qxd2+ 7. Bxd2 Bxg7 8. O-O-O O-O 9. Ne2 Nc6 10. Ng3 Be6 11. a3 a6 12. Bd3 Ne5 13. Be2 Nc4 14. Bxc4 Bxc4 15. Nf5 Bf6 16. Bc3 Bg5+ 17. f4 Bxf4+ 18. Kb1 Rfe8 19. Rd4 1-0


[Site "https://www.chess.com"]

[Event "Titled Tuesday Blitz May 23 Early 2023"]
[White "Talibov, Shiroghlan"]
[Black "Ibadov, Dashgyn"]
[WhiteFideId "13429078"]
[BlackFideId "24107514"]
[WhiteElo "2188"]
[BlackElo "2208"]
[Result "1-0"]
[Round "03"]
[TimeControl "180+2"]
[Date "2023.05.23"]
[WhiteClock "0:00:54"]
[BlackClock "0:00:17"]

1. Nf3 d5 2. a3 Nf6 3. d4 Bf5 4. e3 e6 5. Be2 h6 6. c4 c6 7. Nc3 Be7 8. O-O O-O 9. b4 Nbd7 10. Bb2 Ne4 11. Nxe4 Bxe4 12. Nd2 Bg6 13. f4 a5 14. c5 b6 15. Bc3 bxc5 16. bxc5 Qc7 17. Qa4 Rfb8 18. Qd1 a4 19. Bb4 f6 20. Bg4 Bf5 21. Bxf5 exf5 22. Qh5 Nf8 23. Qxf5 g6 24. Qh3 Kg7 25. f5 g5 26. e4 dxe4 27. Nxe4 Re8 28. Rae1 Qd7 29. Nd6 Bxd6 30. cxd6 Rxe1 31. Rxe1 Re8 32. Re7+ Rxe7 33. dxe7 Qxd4+ 34. Kf1 Qc4+ 35. Kf2 Qc2+ 36. Ke3 Qb3+ 37. Ke2 Qc2+ 38. Bd2 Qe4+ 39. Qe3 Qxg2+ 40. Kd1 Qf1+ 41. Be1 1-0


[Site "https://www.chess.com"]

[Event "Titled Tuesday Blitz May 23 Early 2023"]
[White "Garv Gaur"]
[Black "Siva Mahadevan"]
[WhiteFideId "45030839"]
[BlackFideId "25043153"]
[WhiteElo "2068"]
[BlackElo "2249"]
[Result "1-0"]
[Round "03"]
[TimeControl "180+2"]
[Date "2023.05.23"]
[WhiteClock "0:00:22"]
[BlackClock "0:00:33"]

1. Nf3 Nf6 2. d4 g6 3. Bf4 Bg7 4. Nc3 d5 5. e3 O-O 6. Bd3 c5 7. dxc5 Nbd7 8. Be2 Nxc5 9. Be5 b6 10. O-O Bb7 11. Nd4 Ncd7 12. Bg3 e5 13. Nb3 Qe7 14. Bf3 Qe6 15. Qd2 Rfd8 16. Rad1 Nc5 17. Bh4 e4 18. Be2 Rac8 19. Nb5 a6 20. N5d4 Qe7 21. Qb4 Qc7 22. Bg3 Qe7 23. Qxb6 Na4 24. Qa5 Nxb2 25. Rb1 Nc4 26. Qa4 Nd7 27. Na5 Ndb6 28. Qb4 Qxb4 29. Rxb4 Bf8 30. Nxc4 Bxb4 31. Nxb6 Rc3 32. Rb1 a5 33. Na4 Ra3 34. Nc5 Bxc5 35. Rxb7 Rxa2 36. Be5 a4 37. g4 Bd6 38. Bxd6 Rxd6 39. Ra7 Rb6 40. Bb5 a3 41. Be8 Rf6 42. g5 Rb6 43. Bxf7+ Kf8 44. Bxd5 Ra1+ 45. Kg2 Rbb1 46. Kg3 Rb8 47. Bb3 Ke8 48. Kf4 Rf1 49. Ke5 Rxf2 50. Rxa3 Kd7 51. Ra7+ Kc8 52. Be6+ Kd8 53. Nc6+ Ke8 54. Nxb8 Rxc2 55. Nd7 Rxh2 56. Nf6+ Kd8 57. Rd7+ Kc8 58. Rd2+ Kc7 59. Rxh2 Kc6 60. Rxh7 Kc5 61. Rc7+ Kb4 62. Rc4+ Kb5 63. Nxe4 Kb6 64. Nd6 Ka5 65. Bd5 Kb6 66. Rc6+ Ka5 67. Nc4+ Kb4 68. Rb6+ Kc3 69. Kd6 Kd3 70. e4 Kd4 71. e5 Kd3 72. e6 Kd4 73. e7 Kc3 74. e8=Q Kd4 75. Qe5+ Kd3 76. Qe3+ Kc2 77. Rb2+ Kd1 78. Qd2# 1-0


[Site "https://www.chess.com"]

[Event "Titled Tuesday Blitz May 23 Early 2023"]
[White "Bondau"]
[Black "Degenbaev, Aziz"]
[BlackFideId "13802640"]
[WhiteElo "2829"]
[BlackElo "2152"]
[Result "1-0"]
[Round "03"]
[TimeControl "180+2"]
[Date "2023.05.23"]
[WhiteClock "0:00:17"]
[BlackClock "0:00:10"]

1. e4 c5 2. Nf3 d6 3. d4 cxd4 4. Nxd4 Nf6 5. Nc3 a6 6. Rg1 e5 7. Nb3 h5 8. h3 Be6 9. g4 hxg4 10. hxg4 d5 11. exd5 Nxd5 12. Nxd5 Qxd5 13. Qxd5 Bxd5 14. c3 Nc6 15. Be3 O-O-O 16. Nd2 Be7 17. Bc4 Bxc4 18. Nxc4 Rh2 19. Ke2 b5 20. Nd2 g6 21. g5 Rdh8 22. Rg4 Rh1 23. Rag1 Rxg1 24. Rxg1 Nd8 25. Nf3 Bd6 26. Rd1 Bc7 27. Rd5 Nc6 28. Rc5 Kd7 29. c4 bxc4 30. Rxc4 Rb8 31. b3 Nb4 32. a3 Nd5 33. b4 a5 34. bxa5 Nxe3 35. fxe3 Rb2+ 36. Kd3 Rb3+ 37. Ke4 Rxa3 38. Rc5 Rxa5 39. Nxe5+ Ke6 40. Rc6+ Bd6 41. Rxd6+ Kxd6 42. Nc4+ Kc5 43. Nxa5 Kb5 44. Ke5 Kxa5 45. Kf6 Kb6 46. Kxf7 Kc7 47. Kxg6 Kd6 48. Kf7 Ke5 49. g6 Kf5 50. g7 Ke4 51. g8=Q Kxe3 52. Qe8+ 1-0


[Site "https://www.chess.com"]

[Event "Titled Tuesday Blitz May 23 Early 2023"]
[White "Salinas Herrera, Pablo"]
[Black "Kuzmin, Roman"]
[WhiteFideId "3407128"]
[BlackFideId "44134932"]
[WhiteElo "2546"]
[BlackElo "2122"]
[Result "1-0"]
[Round "03"]
[TimeControl "180+2"]
[Date "2023.05.23"]
[WhiteClock "0:00:06"]
[BlackClock "0:00:01"]

1. e4 c5 2. Nf3 d6 3. d4 cxd4 4. Nxd4 Nf6 5. Nc3 a6 6. Be2 e5 7. Nf3 Be7 8. Bg5 Nbd7 9. O-O O-O 10. Nd2 b5 11. a4 b4 12. Bxf6 Nxf6 13. Nd5 Nxd5 14. exd5 f5 15. a5 Bf6 16. Nc4 e4 17. Ra4 Rb8 18. Qd2 Bg5 19. Qe1 f4 20. f3 exf3 21. Bxf3 Bf5 22. Qd2 Qc7 23. b3 Bd7 24. Raa1 Bb5 25. Qxb4 Bxc4 26. Qxc4 Qxc4 27. bxc4 Bf6 28. Rab1 Bd4+ 29. Kh1 g5 30. Bg4 Kg7 31. Rb3 Rxb3 32. cxb3 Rb8 33. Rb1 Bc3 34. g3 Bxa5 35. gxf4 gxf4 36. Ra1 Bb4 37. Rxa6 Kf6 38. Ra7 Bc5 39. Rxh7 Rxb3 40. Kg2 Ke5 41. Re7+ Kd4 42. Be2 Rc3 43. h4 f3+ 44. Bxf3 Kxc4 45. h5 Rc2+ 46. Kh3 Rf2 47. Kg3 Rd2 48. h6 Ra2 49. h7 Ra8 50. Be2+ Kc3 51. Bh5 Bd4 52. Bf7 Bf6 53. Re6 Bh8 54. Kg4 Kd4 55. Bg8 Kc5 56. Kf5 Rf8+ 57. Kg6 Rd8 58. Re7 Rb8 59. Kf7 Rc8 60. Ke6 Rd8 61. Rc7+ Kd4 62. Rd7 Rxd7 63. Kxd7 Ke5 64. Ke7 Bg7 65. Be6 Kf4 66. Kxd6 Kg5 67. Ke7 Kf4 68. Kf7 1-0


[Site "https://www.chess.com"]

[Event "Titled Tuesday Blitz May 23 Early 2023"]
[White "Fier, Alexandr"]
[Black "gueraumasague"]
[WhiteFideId "2107139"]
[WhiteElo "2610"]
[BlackElo "2531"]
[Result "1-0"]
[Round "03"]
[TimeControl "180+2"]
[Date "2023.05.23"]
[WhiteClock "0:00:28"]
[BlackClock "0:00:01"]

1. c4 Nf6 2. Nc3 e6 3. e4 c5 4. Nf3 Nc6 5. e5 Ng4 6. d4 cxd4 7. Nxd4 Ngxe5 8. Ndb5 d6 9. Bf4 a6 10. Na3 Be7 11. Be2 O-O 12. O-O Bd7 13. Re1 Rc8 14. Qd2 Qc7 15. Rad1 Rfd8 16. Bf1 Be8 17. Qe3 Qa5 18. Qg3 Qb4 19. Rd2 Ng6 20. Be3 Nce5 21. Rc1 Bc6 22. Bd4 Bh4 23. Qh3 Bg5 24. Be3 Bxe3 25. Qxe3 Qc5 26. Qg3 Ne7 27. Rcd1 Nf5 28. Qh3 Ng6 29. Qg4 Ne5 30. Qh3 b6 31. Nc2 Nxc4 32. b4 Qe5 33. Bxc4 Bb7 34. Na3 d5 35. Nxd5 Bxd5 36. Bxa6 Rc3 37. Rd3 Rxd3 38. Qxd3 g6 39. Nc4 Qf4 40. Nxb6 Rd6 41. Nxd5 Rxd5 42. Qf1 Qxb4 43. Rxd5 exd5 44. g3 Nd4 45. Qd3 Qa4 46. Bb7 Qc4 47. Qxc4 dxc4 48. Kf1 c3 49. Ke1 Nc2+ 50. Kd1 Nb4 51. a4 Nd3 52. a5 Nxf2+ 53. Kc2 Ne4 54. a6 Nc5 55. a7 1-0


[Site "https://www.chess.com"]

[Event "Titled Tuesday Blitz May 23 Early 2023"]
[White "Mahdavi, Reza"]
[Black "Arat, Ufuk Sezen"]
[WhiteFideId "12595926"]
[BlackFideId "6309089"]
[WhiteElo "2352"]
[BlackElo "2289"]
[Result "1-0"]
[Round "03"]
[TimeControl "180+2"]
[Date "2023.05.23"]
[WhiteClock "0:01:54"]
[BlackClock "0:01:08"]

1. e4 c5 2. Nf3 e6 3. d4 cxd4 4. Nxd4 Nc6 5. Nc3 Qc7 6. Be3 a6 7. g4 b5 8. Nxc6 Qxc6 9. Qd2 Bb7 10. O-O-O h5 11. g5 Ne7 12. Rg1 d5 13. Bg2 O-O-O 14. exd5 Nxd5 15. Nxd5 exd5 16. Bd4 Be7 17. Bxg7 Rhg8 18. Be5 Qe6 19. Qc3+ Kd7 20. Bh3 1-0


[Site "https://www.chess.com"]

[Event "Titled Tuesday Blitz May 23 Early 2023"]
[White "Karthik Venkataraman"]
[Black "SereneSalmon"]
[WhiteFideId "25006479"]
[WhiteElo "2419"]
[BlackElo "2524"]
[Result "1/2-1/2"]
[Round "03"]
[TimeControl "180+2"]
[Date "2023.05.23"]
[WhiteClock "0:00:18"]
[BlackClock "0:00:06"]

1. Nf3 Nf6 2. g3 d5 3. Bg2 b6 4. c4 e6 5. O-O Bb7 6. d4 dxc4 7. Nbd2 Nbd7 8. Nxc4 Be7 9. b3 O-O 10. Bb2 c5 11. Rc1 Rc8 12. e3 cxd4 13. Nxd4 Bxg2 14. Kxg2 Nc5 15. Qe2 Qc7 16. Rfd1 Rfd8 17. h3 Qb7+ 18. Qf3 Nce4 19. Ne5 Bc5 20. a3 a5 21. h4 h6 22. Nb5 Qe7 23. Rxd8+ Qxd8 24. Rd1 Qe7 25. Nc4 Rd8 26. Rxd8+ Qxd8 27. Bxf6 Nxf6 28. e4 Qa8 29. e5 Qxf3+ 30. Kxf3 Nd5 31. h5 Kf8 32. Ke2 Ke7 33. f4 Kd7 34. Kf3 Be7 35. a4 Bc5 36. g4 Nb4 37. Nbd6 Ke7 38. Nc8+ Kd8 39. N8d6 Ke7 40. Ke4 Nd5 41. g5 Kf8 42. gxh6 gxh6 43. f5 Ke7 44. Nc8+ Kd8 45. N8d6 Ke7 46. f6+ Kf8 47. Kf3 Kg8 48. Ne4 Bd4 49. Ned6 Bc5 50. Ke4 Kf8 51. Nf5 Nc3+ 52. Kd3 exf5 53. Kxc3 Ke8 54. Kd3 Kd7 55. Ke2 Ke6 56. Kf3 Bg1 57. Kf4 Bc5 58. Kf3 Bg1 59. Kf4 Bc5 60. Kf3 1/2-1/2


[Site "https://www.chess.com"]

[Event "Titled Tuesday Blitz May 23 Early 2023"]
[White "Liu, Casper"]
[Black "Pranav Anand"]
[WhiteFideId "1454153"]
[BlackFideId "46626786"]
[WhiteElo "2221"]
[BlackElo "2389"]
[Result "0-1"]
[Round "03"]
[TimeControl "180+2"]
[Date "2023.05.23"]
[WhiteClock "0:00:17"]
[BlackClock "0:00:34"]

1. d4 Nf6 2. Bf4 e6 3. e3 c5 4. c3 Nc6 5. Nd2 Be7 6. Ngf3 O-O 7. h3 b6 8. Bd3 Bb7 9. O-O Rc8 10. Qe2 cxd4 11. exd4 d5 12. Rfe1 Bd6 13. Ne5 Ne7 14. a4 Ng6 15. Nxg6 hxg6 16. Bxd6 Qxd6 17. a5 Nd7 18. Nf3 Rfe8 19. Ba6 Bxa6 20. Qxa6 Qc7 21. axb6 axb6 22. Qa7 f6 23. Ra4 Qc6 24. Rea1 g5 25. Qa6 Rc7 26. Qd3 Nf8 27. Rb4 Rb8 28. Ra6 Kf7 29. h4 gxh4 30. Nxh4 g5 31. Nf3 Ng6 32. g3 Rcb7 33. Kg2 Qd6 34. Ra1 Rh8 35. Qa6 Qc7 36. Re1 g4 37. Nh2 f5 38. Qe2 Qd6 39. Nf1 Kf6 40. Ra4 Rbh7 41. f4 gxf3+ 42. Qxf3 Rg7 43. Ne3 Nh4+ 44. Kf2 Nxf3 45. Kxf3 Qxg3+ 46. Ke2 Rh2+ 47. Kd3 Qxe1 48. Nxd5+ exd5 49. Ra8 Qd2# 0-1


[Site "https://www.chess.com"]

[Event "Titled Tuesday Blitz May 23 Early 2023"]
[White "Shubenkova, Veronika"]
[Black "Zherebukh, Yaroslav"]
[WhiteFideId "44124040"]
[BlackFideId "14116804"]
[WhiteElo "2060"]
[BlackElo "2531"]
[Result "0-1"]
[Round "03"]
[TimeControl "180+2"]
[Date "2023.05.23"]
[WhiteClock "0:01:02"]
[BlackClock "0:00:04"]

1. e4 c6 2. d4 d5 3. Nc3 dxe4 4. Nxe4 Nf6 5. Nxf6+ exf6 6. c3 Bd6 7. Bd3 O-O 8. Ne2 Re8 9. Qc2 h5 10. Bd2 Nd7 11. O-O-O Nf8 12. Kb1 Be6 13. c4 Rc8 14. Bc3 a6 15. Ng3 h4 16. Nf5 b5 17. c5 Bc7 18. Nxh4 a5 19. Nf5 b4 20. Bd2 Qd5 21. b3 a4 22. Kb2 axb3 23. axb3 Ra8 24. Be3 Ra3 25. Qc4 Rxb3+ 26. Kxb3 Qd7 27. g4 Ra8 28. Ra1 Rxa1 29. Rxa1 Bxc4+ 30. Bxc4 Ne6 31. Ra8+ Kh7 32. Bd3 g6 33. h4 gxf5 34. Bxf5+ Kg7 35. h5 Nxd4+ 36. Bxd4 Qxd4 37. f4 Qc3+ 38. Ka2 b3+ 39. Kb1 Bxf4 0-1


[Site "https://www.chess.com"]

[Event "Titled Tuesday Blitz May 23 Early 2023"]
[White "Matveeva, Olga"]
[Black "Hayrapetyan, Hovik"]
[WhiteFideId "24107018"]
[BlackFideId "13302639"]
[WhiteElo "2009"]
[BlackElo "2348"]
[Result "0-1"]
[Round "03"]
[TimeControl "180+2"]
[Date "2023.05.23"]
[WhiteClock "0:00:02"]
[BlackClock "0:00:14"]

1. d4 Nf6 2. c4 e6 3. g3 d5 4. Nf3 Be7 5. Bg2 O-O 6. O-O dxc4 7. Qc2 a6 8. a4 Bd7 9. Qxc4 Bc6 10. Bf4 Bd6 11. Bg5 Nbd7 12. Nc3 h6 13. Bd2 a5 14. Rac1 Nb6 15. Qd3 Nxa4 16. Nxa4 Bxa4 17. Ra1 Qe8 18. Ne5 Bb5 19. Qe3 Nd5 20. Qf3 b6 21. Rfe1 c5 22. e4 Nb4 23. Ng4 f6 24. e5 fxe5 25. Qxa8 Qxa8 26. Bxa8 Rxa8 27. Bxb4 cxb4 28. dxe5 Bc5 29. Kg2 a4 30. f3 a3 31. bxa3 bxa3 32. Reb1 Bd3 33. Rd1 Bc4 34. Rd7 a2 35. h4 Bd5 36. h5 Bd4 0-1


[Site "https://www.chess.com"]

[Event "Titled Tuesday Blitz May 23 Early 2023"]
[White "Bryakin, Mikhail"]
[Black "Rangel, Daniel"]
[WhiteFideId "4165314"]
[BlackFideId "2124475"]
[WhiteElo "2467"]
[BlackElo "2256"]
[Result "1-0"]
[Round "03"]
[TimeControl "180+2"]
[Date "2023.05.23"]
[WhiteClock "0:01:18"]
[BlackClock "0:00:10"]

1. Nf3 Nf6 2. c4 e6 3. g3 d5 4. Bg2 Be7 5. O-O O-O 6. b3 a5 7. d3 a4 8. Bb2 axb3 9. axb3 Rxa1 10. Bxa1 c5 11. Nbd2 Nc6 12. Ne5 Nxe5 13. Bxe5 b6 14. Qc2 Bb7 15. Ra1 Qd7 16. Ra7 Ra8 17. Qa2 Qc8 18. h3 Bd8 19. Rxa8 Qxa8 20. Qb2 Be7 21. Bf3 Ne8 22. g4 d4 23. Bxb7 Qxb7 24. Nf3 b5 25. Qa2 bxc4 26. bxc4 f6 27. Bg3 Kf7 28. Nd2 Bd6 29. Bxd6 Nxd6 30. Qa5 Qb4 31. Qc7+ Kg6 32. Qxd6 Qxd2 33. Qxe6 Qb4 34. Qf5+ Kf7 35. Kg2 g6 36. Qd7+ Kg8 37. Qe6+ Kg7 38. Qe7+ Kg8 39. Qxf6 Qa5 40. Qc6 Kg7 41. Kf3 Kh6 42. Kg2 Qa7 43. h4 Kg7 44. Qe4 h6 45. g5 hxg5 46. hxg5 Kh7 47. Qd5 Qe7 48. Kf1 Qa7 49. f4 Qc7 50. Qe5 Qa7 51. Kf2 Qa3 52. Qe7+ Kg8 53. Qe8+ Kg7 54. Qe5+ Kg8 55. Qf6 Kh7 56. Qf7+ Kh8 57. Qxg6 Qc1 58. Qf6+ Kg8 59. Qe6+ Kh8 60. Qh3+ Kg7 61. Qf3 Kg8 62. f5 Qxg5 63. Qg3 Qxg3+ 64. Kxg3 Kf7 65. Kf4 Kf6 66. Ke4 Kg5 67. Ke5 Kg4 68. f6 Kg3 69. f7 Kf2 70. f8=Q+ Kxe2 71. Ke4 Kd2 72. Qxc5 1-0


[Site "https://www.chess.com"]

[Event "Titled Tuesday Blitz May 23 Early 2023"]
[White "Rodriguez Santiago, Jaime"]
[Black "Kilic, Eray"]
[WhiteFideId "3100898"]
[BlackFideId "44517173"]
[WhiteElo "2025"]
[BlackElo "2328"]
[Result "0-1"]
[Round "03"]
[TimeControl "180+2"]
[Date "2023.05.23"]
[WhiteClock "0:00:07"]
[BlackClock "0:00:39"]

1. c4 e5 2. Nc3 Nc6 3. g3 g6 4. Bg2 Bg7 5. e4 Nge7 6. Nge2 O-O 7. O-O d6 8. h3 Be6 9. d3 Qd7 10. Kh2 f5 11. Nd5 Rae8 12. f4 Nc8 13. Be3 Nb6 14. Rb1 Bxd5 15. cxd5 Ne7 16. fxe5 Bxe5 17. d4 Bg7 18. Nf4 Nexd5 19. Nxd5 Nxd5 20. Qb3 Qf7 21. exd5 b6 22. Rbe1 h6 23. Qa4 a5 24. Bf2 Rxe1 25. Rxe1 f4 26. gxf4 Qxf4+ 27. Bg3 Qd2 28. Re7 Bxd4 29. Qd7 Qd1 30. Qe6+ Kh8 31. Qe1 Qd3 32. Qe2 Qb1 33. Qe1 Qxb2 34. Rxc7 h5 35. Qe7 Bg7 36. Qxd6 h4 37. Rxg7 hxg3+ 38. Qxg3 Kxg7 39. Qc7+ Rf7 40. d6 Rxc7 41. dxc7 Qe5+ 42. Kg1 Qxc7 0-1


[Site "https://www.chess.com"]

[Event "Titled Tuesday Blitz May 23 Early 2023"]
[White "Averjanov, Alexey"]
[Black "Doluhanova, Evgeniya"]
[WhiteFideId "14109867"]
[BlackFideId "14112035"]
[WhiteElo "2768"]
[BlackElo "2159"]
[Result "1/2-1/2"]
[Round "03"]
[TimeControl "180+2"]
[Date "2023.05.23"]
[WhiteClock "0:00:24"]
[BlackClock "0:00:24"]

1. d4 Nf6 2. c4 e6 3. Nf3 b6 4. g3 Bb7 5. Bg2 Be7 6. O-O O-O 7. b3 d5 8. Nbd2 Nbd7 9. Bb2 c5 10. e3 Rc8 11. Rc1 dxc4 12. Nxc4 cxd4 13. Nxd4 Bxg2 14. Kxg2 Nc5 15. Qe2 Qd7 16. Rfd1 Qb7+ 17. Qf3 Qxf3+ 18. Kxf3 Rfd8 19. Ke2 Nd5 20. Ne5 Bf6 21. Ndf3 Kf8 22. Bd4 Ke8 23. Rc4 Ne4 24. Rdc1 Rxc4 25. Rxc4 Nd6 26. Rc1 Rc8 27. Rxc8+ Nxc8 28. a3 Be7 29. a4 Nb4 30. Nd3 Nxd3 31. Kxd3 f6 32. Nd2 Kd7 33. Nc4 Nd6 34. Nxd6 Bxd6 35. e4 e5 36. Bc3 Bc5 37. f3 Kc6 38. h3 a6 39. g4 b5 40. Bd2 g6 41. Be1 Bb6 42. Bh4 g5 43. Be1 Bc5 44. h4 h6 45. h5 Kb6 46. Bd2 Bd6 47. Be3+ Bc5 48. Bd2 Bd6 49. Bc3 Bc5 50. Be1 Bd6 51. axb5 axb5 52. Bc3 Bc5 53. Bd2 Bd6 54. Be3+ Bc5 55. Bc1 Bd6 56. Bb2 Bc5 57. Bc3 Bd6 58. Bd2 Bc5 59. Be1 Bd6 60. Kc3 Bc5 61. Bd2 Bd4+ 62. Kd3 Bc5 63. Bc1 Bd6 64. Bb2 Bc5 65. Bc3 Bd6 66. Bd2 Bc5 1/2-1/2


[Site "https://www.chess.com"]

[Event "Titled Tuesday Blitz May 23 Early 2023"]
[White "Tatarinov, Dmitry"]
[Black "Bashirli, Saadat"]
[WhiteFideId "24160067"]
[BlackFideId "13429990"]
[WhiteElo "2326"]
[BlackElo "1408"]
[Result "1-0"]
[Round "03"]
[TimeControl "180+2"]
[Date "2023.05.23"]
[WhiteClock "0:00:39"]
[BlackClock "0:00:06"]

1. d4 d5 2. c4 e6 3. Nf3 c6 4. e3 Nf6 5. Bd3 dxc4 6. Bxc4 b5 7. Bd3 Nbd7 8. O-O Bd6 9. a4 Qb6 10. axb5 cxb5 11. e4 e5 12. Nc3 exd4 13. Nxb5 O-O 14. Nbxd4 Ne5 15. Nxe5 Bxe5 16. Nf3 Bg4 17. Qe2 Rab8 18. h3 Bxf3 19. Qxf3 Bxb2 20. Rb1 Qd4 21. Bf4 Rb3 22. Rfd1 Rd8 23. e5 Rxd3 24. Rxd3 Qxd3 25. Qxd3 Rxd3 26. Rxb2 Nd7 27. Rb7 a5 28. Ra7 Rd5 29. Ra8+ Nf8 30. Kh2 h6 31. Bc1 Rd3 32. g4 Rc3 33. Bb2 Rb3 34. Bd4 Rb5 35. f4 g6 36. f5 Rd5 37. Be3 g5 38. e6 fxe6 39. fxe6 Re5 40. Bc5 Rxe6 41. Rxf8+ Kg7 42. Ra8 Re2+ 43. Kg3 Ra2 44. Bd4+ Kg6 45. Ra7 h5 46. Ra6+ Kh7 47. gxh5 Ra4 48. Be3 Rh4 49. Bxg5 Rxh5 50. h4 Kg7 51. Kg4 Rh7 52. Rxa5 Rh8 53. Ra7+ Kg8 54. Ra8+ Kh7 55. Rxh8+ Kxh8 56. h5 Kh7 57. Kf5 Kg7 58. Bf4 Kh7 59. Kg5 Kg7 60. h6+ Kh7 61. Kh5 Kh8 62. Kg6 Kg8 63. h7+ Kh8 64. Be5# 1-0


[Site "https://www.chess.com"]